 Dungeon Crawl Stone Soup version 0.28.0-47-ge53b351184 (webtiles) character file.

Game seed: 1156015053004151948

131 101zpm the Magician (level 5, -7/35 HPs)
             Began as a Djinni Fire Elementalist on Apr 30, 2022.
             Mangled by an orc warrior
             ... wielding a +0 trident
              (14 damage)
             ... on level 4 of the Dungeon.
             The game lasted 00:03:19 (3583 turns).

101zpm the Magician (Djinni Fire Elementalist)      Turns: 3583, Time: 00:03:21

Health: -7/35      AC:  2    Str:  7    XL:     5   Next: 37%
Gold:   96         EV: 12    Int: 18    God:
                   SH:  0    Dex: 14

rFire   + + .      SeeInvis .   (no weapon)
rCold   x . .      Faith    .   (no shield)
rNeg    . . .      Spirit   .   a - +0 robe
rPois   ∞          Reflect  .   (no helmet)
rElec   .          Harm     .   (no cloak)
rCorr   .          Rampage  .   (no gloves)
Will    .....                   (boots unavailable)
Stlth   ++........              (no amulet)
HPRegen 0.11/turn               (no ring)
MPRegen 0.00/turn               (no ring)

@: flying
A: sickness immunity, fire resistance 2, cold vulnerability 1, float, innate
caster, HP casting, extra vitality 1
a: no special abilities


You were on level 4 of the Dungeon.
You visited 1 branch of the dungeon, and saw 4 of its levels.

You collected 96 gold pieces.

Inventory:

Armour
 a - a +0 robe (worn)
Scrolls
 c - a scroll of amnesia {unknown}
 d - a scroll of magic mapping {unknown}
 e - 2 scrolls of fog {unknown}
 g - 2 scrolls of silence {unknown}
 i - a scroll of holy word {unknown}
 j - a scroll of enchant armour {unknown}
Potions
 b - 2 potions of heal wounds {unknown}
 f - a potion of curing {unknown}
 h - a potion of berserk rage {unknown}


   Skills:
 + Level 2.6 Dodging
 + Level 1.7 Stealth
 + Level 0.1 Unarmed Combat
 + Level 4.2 Spellcasting


You couldn't memorise any spells.
You knew the following spells:

 Your Spells              Type           Power      Damage    Failure   Level
a - Foxfire               Conj/Fire      76%        2x1d7     2%          1
b - Scorch                Fire           38%        2d6       3%          2
c - Conjure Flame         Conj/Fire      19%        6-21      8%          3
d - Inner Flame           Hex/Fire       19%        N/A       8%          3
e - Flame Wave            Conj/Fire      19%        2d6       26%         4
f - Shock                 Conj/Air       76%        1d7       2%          1
g - Searing Ray           Conj           38%        2d5       3%          2
Your spell library was empty.

Dungeon Overview and Level Annotations

Branches:
Dungeon (4/15)             Temple (0/1) D:4

Altars:


Innate Abilities, Weirdness & Mutations

You are immune to sickness and miasma.
You are immune to poison.
Your flesh is very heat resistant. (rF++)
You are vulnerable to cold. (rC-)
You float through the air rather than walking.
You learn spells naturally, not from books.
Your magical power is your life essence.
You have superior vitality. (+4 MHP)


Message History

Your foxfire dissipates!
Your foxfire dissipates! x2
Items here: )) [ †.
Things that are here:
a +0 club; a +0 chain mail
Items here: )) [ †.
Things that are here:
a +0 flail; a +0 ring mail
There is an open door here.
There is an open door here.
An orc warrior and a scorpion come into view.
There are monsters nearby!
There are monsters nearby!
You conjure some foxfire!
You conjure some foxfire!
The foxfire hits the scorpion.
The scorpion is lightly wounded.
You conjure some foxfire!
The foxfire hits the scorpion.
The scorpion is heavily wounded.
The foxfire hits the scorpion.
The scorpion is heavily wounded.
You conjure some foxfire!
The scorpion stings you.
You conjure some foxfire!
The foxfire hits the scorpion.
The scorpion is heavily wounded.
The foxfire hits the scorpion but does no damage.
The scorpion is heavily wounded.
The foxfire hits the scorpion.
The scorpion is severely wounded.
The foxfire hits the scorpion.
The scorpion is almost dead.
The scorpion stings you.
The orc warrior hits you from afar with a +0 trident!
* * * LOW HITPOINT WARNING * * *
The scorpion closely misses you.
The foxfire hits the orc warrior.
The orc warrior is lightly wounded.
The foxfire hits the scorpion.
The scorpion is almost dead.
The scorpion misses you.
The orc warrior hits you from afar with a +0 trident!
You die...

#.. #.. #.# #
######## # #......###
# #####......... #
#....§.so# ####### #
#.###§@#.# #.....# #
###..# .. #.....# #
#....######.....# #
#........##.....#####
#.#.........)........
#.#.........#########
#.#.........#
##'#<........#
#............#


You could see an orc warrior and a scorpion.

Vanquished Creatures
  A hound (D:4)
  An iguana (D:4)
  An orc wizard (D:4)
  An adder (D:2)
  A dart slug (D:2)
  3 orcs (D:4)
  7 bats
  6 endoplasms
  4 goblins
  4 hobgoblins
  5 kobolds
  2 quokkas (D:1)
  A ball python (D:1)
  A frilled lizard (D:2)
  A rat (D:2)
39 creatures vanquished.

Vanquished Creatures (collateral kills)
  8 foxfires
8 creatures vanquished.

Vanquished Creatures (others)
  7 demonic plants (D:1)
  241 foxfires
  A fungus (D:1)
  A plant (D:1)
  A withered plant (D:1)
251 creatures vanquished.

Grand Total: 298 creatures vanquished

Notes
Turn   | Place    | Note
-------+----------+-------------------------------------------
     0 | D:1      | 101zpm the Djinni Fire Elementalist began the quest for the
                  | Orb.
     0 | D:1      | Reached XP level 1. HP: 15/15 MP: 0/0
   311 | D:1      | Reached XP level 2. HP: 18/21 MP: 0/0
   434 | D:1      | HP: 1/21 [hobgoblin (4)]
   852 | D:1      | Reached skill level 3 in Spellcasting
   852 | D:1      | Reached XP level 3. HP: 16/25 MP: 0/0
   852 | D:1      | Learned a level 1 spell: Shock
  1058 | D:1      | Found a faded altar of an unknown god.
  3018 | D:4      | Reached XP level 4. HP: 19/31 MP: 0/0
  3187 | D:4      | Found a staircase to the Ecumenical Temple.
  3200 | D:4      | Reached skill level 4 in Spellcasting
  3200 | D:4      | Reached XP level 5. HP: 28/35 MP: 0/0
  3200 | D:4      | Learned a level 2 spell: Searing Ray
  3577 | D:4      | Noticed an orc warrior
  3583 | D:4      | Mangled by an orc warrior

Illustrated notes

Levels and vault maps discovered:
D:1:      lordsloth_arrival_two_stooges, layout_rooms,
          shapermc_ecumenical_altar_gd, kennysheep_nondescript
D:2:      layout_basic, guppyfry_early_lair_pool
D:3:      cheibrodos_pilgrimage, layout_loops_cross, serial_forest,
          infiniplex_forest_zigzag_2, infiniplex_forest_zigzag_2,
          infiniplex_forest_clump_double, infiniplex_forest_straight_2,
          nrook_mini_vaults, grunt_decor_arrowhead, kennysheep_path_1
D:4:      layout_basic, minmay_temple_entry_arrows

Skill      XL: |  1  2  3  4 |
---------------+-------------+-----
Spellcasting   | 3 4 |  4.2
Dodging        | |  2.6
Stealth        | |  1.7
Unarmed Combat | |  0.1

Action                   |  1- 3 |  4- 6 || total
-------------------------+-------+-------++-------
Melee: Unarmed           |     3 |       ||     3
 Cast: Foxfire           |   111 |    40 ||   151
       Scorch            |     2 |       ||     2
Armor: Robe              |     8 |       ||     8
Dodge: Dodged            |    16 |     3 ||    19
